 Dungeon Crawl Stone Soup version 0.28-a0-687-gb91baff9cc (webtiles) character file.

Game seed: 967617464951042525

4475 ragingrage the Spear-Bearer (level 10, -30/74 HPs)
             Began as a Demonspawn Chaos Knight on Oct 20, 2021.
             Was a Plaything of Xom.
             Annihilated by Harold (32 damage)
             ... on level 8 of the Dungeon.
             The game lasted 00:10:31 (10057 turns).

ragingrage the Spear-Bearer (DsCK)                 Turns: 10057, Time: 00:10:32

Health: -30/74     AC: 14    Str: 16    XL:     10   Next: 15%
Magic:  10/10      EV: 14    Int: 13    God:    Xom [..*...]
Gold:   321        SH:  0    Dex: 19    Spells: 9/9 levels left

rFire   + + +      SeeInvis +   e - +2 spear (venom)
rCold   + . .      Faith    .   (no shield)
rNeg    . . .      Spirit   .   B - +2 leather armour {rF+}
rPois   +          Reflect  .   (no helmet)
rElec   .          Harm     .   k - scarf {rC+ rF+}
rCorr   .          Rampage  .   A - +1 pair of gloves
Will    .....                   h - +0 pair of boots
Stlth   +.........              (no amulet)
HPRegen 0.22/turn               x - +6 ring of dexterity
MPRegen 0.12/turn               q - ring of poison resistance

@: marked, sanguine armoured
A: hooves 2, foul stench 1, sanguine armour 1, demonic magic 2, see invisible,
fire resistance 1, mutation resistance 1
a: Renounce Religion


You were on level 8 of the Dungeon.
You worshipped Xom.
You were a toy of Xom.
You visited 1 branch of the dungeon, and saw 8 of its levels.

You collected 603 gold pieces.
You spent 282 gold pieces at shops.

Inventory:

Hand Weapons
 e - a +2 spear of venom (weapon)
Missiles
 f - 3 boomerangs of dispersal (quivered)
Armour
 h - a +0 pair of boots (worn)
 k - a scarf of resistance (worn)
 A - a +1 pair of gloves (worn)
 B - a +2 leather armour of fire resistance (worn)
Jewellery
 a - a ring of wizardry
 j - a ring of positive energy
 p - a ring of flight
 q - a ring of poison resistance (right hand)
 s - a ring of protection from fire
 x - a +6 ring of dexterity (left hand)
Wands
 m - a wand of iceblast (8)
Scrolls
 b - a scroll of noise {unknown}
 c - 2 scrolls of amnesia
 i - a scroll of brand weapon {unknown}
 o - a scroll of summoning {unknown}
 r - 6 scrolls of identify
 u - a scroll of enchant armour {unknown}
 w - a scroll of blinking {unknown}
 y - 3 scrolls of enchant weapon
 z - 2 scrolls of teleportation
Potions
 d - a potion of lignification
 g - 3 potions of berserk rage
 l - 2 potions of brilliance
 n - 3 potions of haste
 t - 2 potions of flight {unknown}
 v - 3 potions of attraction


   Skills:
 + Level 5.3 Fighting
 - Level 12.0 Polearms
 + Level 4.3 Armour
 + Level 4.0 Dodging


You had 9 spell levels left.
You didn't know any spells.
Your spell library contained the following spells:

 Spells                   Type           Power      Damage    Failure   Level
 Scorch                   Fire           0%         2d5       50%         2
 Dazzling Flash           Conj/Hex       0%         N/A       73%         3
 Gell's Gravitas          Tloc           0%         N/A       73%         3
 Teleport Other           Tloc           0%         N/A       73%         3
 Tukima's Dance           Hex            0%         N/A       73%         3
 Flame Wave               Conj/Fire      0%         3d3       98%         4
 Passage of Golubria      Tloc           0%         N/A       98%         4
 Agony                    Necr           0%         N/A       100%        5
 Silence                  Hex/Air        0%         N/A       100%        5
 Yara's Violent Unravell  Hex/Tmut       0%         3d3       100%        5
 Dispersal                Tloc           0%         N/A       100%        6
 Summon Cactus Giant      Summ           0%         N/A       100%        6


Dungeon Overview and Level Annotations

Branches:
Dungeon (8/15)             Temple (0/1) D:6            Lair (0/6) D:8

Altars:
Ashenzari
Kikubaaqudgha
Nemelex Xobeh
Qazlal
Wu Jian
Zin

Shops:
D:3 *

Annotations:
D:8 Harold


Innate Abilities, Weirdness & Mutations

You have hoof-like feet.
You may rarely emit foul miasma when damaged in melee.
When seriously injured, your bleeding wounds create armour. (AC +6)
Spells you cast may paralyse nearby enemies.
You have supernaturally acute eyesight. (SInv)
Your flesh is heat resistant. (rF+)
You are somewhat resistant to further mutation.


Message History

You reach to attack!
You hit Harold but do no damage.
Harold looks as sick as possible!
Harold is moderately wounded.
Your quasit bites Harold but does no damage.
Your quasit claws Harold but does no damage. x2
Reach: e) +2 spear (venom)
Press: ? - help, Dir - move target, f/p - Harold
Aim: Harold, wielding a +0 scimitar of holy wrath, wearing a +2 chain mail of cold resistance and quivering a throwing net (moderately wounded, strong, extremely poisoned, ally target, about 18% to evade your +2 spear of venom)
You reach to attack!
You hit Harold.
Harold looks as sick as possible!
Harold is heavily wounded.
Harold hits your quasit with a +0 scimitar of holy wrath!!
Your quasit dies!
Your quasit disappears in a puff of smoke!
Reach: e) +2 spear (venom)
Press: ? - help, Dir - move target, f/p - Harold
Aim: Harold, wielding a +0 scimitar of holy wrath, wearing a +2 chain mail of cold resistance and quivering a throwing net (heavily wounded, strong, extremely poisoned, ally target, about 18% to evade your +2 spear of venom)
You reach to attack!
You hit Harold.
Harold looks as sick as possible!
Harold is heavily wounded.
Reach: e) +2 spear (venom)
Press: ? - help, Dir - move target, f/p - Harold
Aim: Harold, wielding a +0 scimitar of holy wrath, wearing a +2 chain mail of cold resistance and quivering a throwing net (heavily wounded, strong, extremely poisoned, ally target, about 18% to evade your +2 spear of venom)
You reach to attack!
You hit Harold but do no damage.
Harold looks as sick as possible!
Harold is heavily wounded.
Harold yells, "I don't have all day!"
Reach: e) +2 spear (venom)
Press: ? - help, Dir - move target, f/p - Harold
Aim: Harold, wielding a +0 scimitar of holy wrath, wearing a +2 chain mail of cold resistance and quivering a throwing net (heavily wounded, strong, extremely poisoned, ally target, about 18% to evade your +2 spear of venom)
You hit Harold.
Harold is severely wounded.
Reach: e) +2 spear (venom)
Press: ? - help, Dir - move target, f/p - Harold
Aim: Harold, wielding a +0 scimitar of holy wrath, wearing a +2 chain mail of cold resistance and quivering a throwing net (severely wounded, strong, extremely poisoned, ally target, about 18% to evade your +2 spear of venom)
You hit Harold but do no damage.
Harold looks as sick as possible!
Harold is severely wounded.
Harold hits you with a +0 scimitar of holy wrath!!
* * * LOW HITPOINT WARNING * * *
You convulse!!
You die...
Xom is highly amused!

#......# #.####+#####
#.'.......+. #.#.#...#.#.
#.#.#._.#.#.
#####.#.#...#.#. ...
......+...)...+.#######...
......####+####5555......@
...###.......# #@#........
##.###......(# #@#........
.#..(#.......###'#...:....
.###.#..........).........
....###...###.......$....)
###.##)....##....>........
#.#.......#.....##......
#.#.....P.#.............
#.......................


You could see Harold (strong, extremely poisoned, ally target), a friendly iron
imp (summoned), 2 friendly crimson imps and a friendly white imp (summoned).

Vanquished Creatures
  Pikel (D:8)
  A manticore (D:8)
  Maurice (D:8)
  Grum (D:8)
  Grinder (D:6)
  Sigmund (D:4)
  A yak (D:8)
  2 basilisks (D:8)
  A water moccasin (D:8)
  A sky beast (D:7)
  A necrophage (D:5)
  2 wolves (D:8)
  A black bear (D:7)
  A centaur (D:8)
  2 lemures (D:8)
  A scorpion (D:4)
  A bullfrog (D:6)
  2 gnoll sergeants (D:5)
  5 wights (D:7)
  A bullfrog zombie (D:6)
  A centaur zombie (D:7)
  4 hounds
  2 jellies
  Crazy Yiuf (D:4)
  4 orc priests
  A bullfrog skeleton (D:4)
  4 iguanas
  4 orc wizards
  A gnoll shaman (D:7)
  2 hound skeletons
  2 howler monkey zombies
  9 gnolls
  7 adders
  A howler monkey skeleton (D:7)
  A shadow imp (D:6)
  A white imp (D:7)
  An ufetubus (D:5)
  2 worms (D:4)
  4 dart slugs
  15 orcs
  6 endoplasms
  4 giant cockroaches
  12 goblins
  7 hobgoblins
  5 jackals
  6 kobolds
  7 quokkas
  9 ball pythons
  8 bats
  5 frilled lizards
  8 rats
172 creatures vanquished.

Vanquished Creatures (collateral kills)
  A wraith (D:7)
  A wolf (D:8)
  A wight (D:7)
  An orc priest (D:6)
  3 gnolls (D:7)
  2 orcs
9 creatures vanquished.

Vanquished Creatures (others)
  A wolf (D:8)
  A human (D:5)
  3 fungi
  5 plants
10 creatures vanquished.

Grand Total: 191 creatures vanquished

Notes
Turn   | Place    | Note
-------+----------+-------------------------------------------
     0 | D:1      | ragingrage the Demonspawn Chaos Knight began the quest for
                  | the Orb.
     0 | D:1      | Reached XP level 1. HP: 18/18 MP: 1/1
   174 | D:1      | Reached skill level 3 in Polearms
   187 | D:1      | Gained mutation: You have large cloven feet. [demonic
                  | ancestry]
   187 | D:1      | Reached XP level 2. HP: 24/24 MP: 2/2
   402 | D:1      | XOM: divination: magic mapping
   460 | D:1      | XOM: silly message
   463 | D:1      | Gained mutation: Spells you cast may paralyse adjacent
                  | enemies. [demonic ancestry]
   463 | D:1      | Reached XP level 3. HP: 27/29 MP: 3/3
   789 | D:1      | Reached skill level 4 in Polearms
   946 | D:2      | Found a faded altar of an unknown god.
  1375 | D:2      | Gained mutation: You may rarely emit foul miasma when
                  | damaged in melee. [demonic ancestry]
  1375 | D:2      | Reached XP level 4. HP: 34/35 MP: 4/4
  1415 | D:2      | XOM: noise
  1469 | D:2      | XOM: silly message
  1998 | D:3      | Reached skill level 5 in Polearms
  2156 | D:3      | Found a broken altar of Ashenzari.
  2169 | D:3      | Gained mutation: When seriously injured, your bleeding
                  | wounds create armour. (AC +6) [demonic ancestry]
  2169 | D:3      | Reached XP level 5. HP: 38/41 MP: 5/5
  2228 | D:3      | XOM: cloud trail
  2247 | D:3      | XOM: scenery: 2 doors close
  2331 | D:3      | Found an ornate altar of the Wu Jian Council.
  2528 | D:3      | Found Fillann's Assorted Antiques.
  2531 | D:3      | Bought a notched onyx ring for 90 gold pieces
  2531 | D:3      | Bought a glowing cabochon ring for 90 gold pieces
  2533 | D:3      | Bought a dark potion for 16 gold pieces
  2533 | D:3      | Bought a scroll labelled TATEEM GEGY for 18 gold pieces
  2533 | D:3      | Bought a smoky yellow potion for 16 gold pieces
  2562 | D:3      | Bought a scroll labelled UNEPTA SUN LIC for 18 gold pieces
  2562 | D:3      | Bought a smoky yellow potion for 16 gold pieces
  2562 | D:3      | Bought a scroll labelled UNEPTA SUN LIC for 18 gold pieces
  2579 | D:3      | XOM: summons 1 hostile shadow creature
  3242 | D:4      | Found a runed translucent door.
  3243 | D:4      | Noticed Crazy Yiuf
  3269 | D:4      | XOM: butterfly on damage
  3367 | D:4      | Noticed Sigmund
  3370 | D:4      | XOM: fog
  3376 | D:4      | Reached skill level 6 in Polearms
  3380 | D:4      | XOM: cast spell 'Statue Form'
  3405 | D:4      | Killed Sigmund
  3406 | D:4      | Reached XP level 6. HP: 30/47 MP: 6/6
  3775 | D:4      | XOM: 1-stop teleportation journey
  3954 | D:4      | XOM: noise
  4057 | D:4      | Reached skill level 7 in Polearms
  4182 | D:4      | Reached XP level 7. HP: 52/52 MP: 7/7
  4304 | D:4      | XOM: cloud trail
  4356 | D:4      | Killed Crazy Yiuf
  4510 | D:5      | Entered Level 5 of the Dungeon
  4531 | D:5      | XOM: noise
  4728 | D:5      | XOM: silly message
  4834 | D:5      | XOM: divination: detect items
  4921 | D:5      | Found a stormy altar of Qazlal.
  4923 | D:5      | Noticed a water elemental
  4924 | D:5      | Noticed a fire elemental
  4924 | D:5      | Noticed an air elemental
  5046 | D:5      | XOM: 4-stop teleportation journey
  5095 | D:5      | XOM: silly message
  5117 | D:5      | Reached skill level 8 in Polearms
  5196 | D:5      | XOM: 1-stop teleportation journey
  5975 | D:5      | Found an ancient bone altar of Kikubaaqudgha.
  5979 | D:5      | Noticed a human
  5980 | D:5      | Killed a human
  6097 | D:5      | XOM: 2-stop teleportation journey
  6373 | D:5      | Reached skill level 9 in Polearms
  6373 | D:5      | Gained mutation: Spells you cast may paralyse nearby
                  | enemies. [demonic ancestry]
  6373 | D:5      | Reached XP level 8. HP: 58/58 MP: 8/8
  6585 | D:5      | XOM: divination: magic mapping
  6609 | D:6      | Found a staircase to the Ecumenical Temple.
  6696 | D:6      | Noticed Grinder
  6696 | D:6      | XOM: noise
  6715 | D:6      | XOM: divination: detect items
  6717 | D:6      | Paralysed by Grinder for 3 turns
  6725 | D:6      | Killed Grinder
  7007 | D:6      | XOM: give mutations
  7007 | D:6      | Gained mutation: You are somewhat resistant to further
                  | mutation. [Xom's grace]
  7007 | D:6      | Gained mutation: Your flesh is heat resistant. (rF+) [Xom's
                  | grace]
  7007 | D:6      | Gained mutation: You have supernaturally acute eyesight.
                  | (SInv) [Xom's grace]
  7247 | D:6      | Reached skill level 10 in Polearms
  7869 | D:7      | XOM: polymorph ice beast -> sky beast
  7974 | D:7      | XOM: enchant monster (good)
  8239 | D:7      | Found a sparkling altar of Nemelex Xobeh.
  8357 | D:7      | XOM: 1-stop teleportation journey
  8418 | D:7      | XOM: noise
  8594 | D:7      | Reached skill level 11 in Polearms
  8594 | D:7      | Gained mutation: You have hoof-like feet. [demonic
                  | ancestry]
  8594 | D:7      | Reached XP level 9. HP: 63/63 MP: 9/9
  8678 | D:7      | XOM: 1-stop teleportation journey
  8904 | D:7      | XOM: 2-stop teleportation journey
  9188 | D:8      | Noticed Grum
  9192 | D:8      | XOM: enchant monster (good)
  9193 | D:8      | XOM: scenery: summon butterflies
  9219 | D:8      | Killed Grum
  9220 | D:8      | Reached skill level 12 in Polearms
  9220 | D:8      | Reached skill level 1 in Dodging
  9441 | D:8      | Noticed an elephant
  9448 | D:8      | XOM: confuse monster(s)
  9452 | D:8      | Noticed a manticore
  9452 | D:8      | an elephant changed into a manticore
  9452 | D:8      | XOM: polymorph elephant -> manticore
  9457 | D:8      | XOM: summons friendly crimson imp
  9459 | D:8      | HP: 3/65 [manticore (18)]
  9462 | D:8      | Killed a manticore
  9566 | D:8      | XOM: polymorph crimson imp -> ynoxinul
  9597 | D:8      | Noticed Pikel
  9615 | D:8      | Killed Pikel
  9616 | D:8      | Reached XP level 10. HP: 43/73 MP: 10/10
  9619 | D:8      | Found a staircase to the Lair.
  9833 | D:8      | XOM: god gift: 9 arrows
  9870 | D:8      | Reached skill level 5 in Fighting
 10007 | D:8      | Noticed Maurice
 10021 | D:8      | Noticed Harold
 10022 | D:8      | XOM: enchant monster (good)
 10030 | D:8      | XOM: summons 6 friendly demons
 10039 | D:8      | Killed Maurice
 10049 | D:8      | XOM: potion effect (curing)
 10057 | D:8      | HP: 2/74 [Harold (23)]
 10057 | D:8      | Annihilated by Harold

Illustrated notes

Levels and vault maps discovered:
D:1:      tarquinn_simple_flora_water_c, layout_loops_cross
D:2:      layout_loops_ring, serial_forest, infiniplex_forest_clump_tiny,
          infiniplex_forest_lined_corner, infiniplex_forest_end_3,
          infiniplex_forest_lined_room_3, infiniplex_forest_straight_5,
          infiniplex_forest_lined_room_, infiniplex_forest_split,
          dreamdust_ecumenical_altar_grove, minmay_misc_feat_room,
          minmay_pentomino_pile
D:3:      layout_basic, nicolae_ashenzari_skybound, amcnicky_altar_gilded,
          serial_shops, nicolae_shop_behind_doors
D:4:      layout_basic, nicolae_ossuary_entry_false_entrances, uniq_sigmund,
          uniq_crazy_yiuf_cottage
D:5:      layout_layer_cave, nicolae_qazlal_style_of_elements,
          tgw_kikubaaqudgha, kennysheep_big_empty_room, cheibrodos_gnoll_hut
D:6:      layout_basic, minmay_temple_entry_waves, minivault_10,
          hangedman_decor_push, uniq_grinder
D:7:      layout_loops_corners, nemelex_xobeh_ov_fountains_minmay,
          patterned_corridor
D:8:      layout_basic, mainiacjoe_overflow_six_doors_small, david_lair_generic,
          minmay_misc_feat_four_crosses, uniq_erica, uniq_pikel, uniq_maurice,
          uniq_harold, uniq_grum

Skill      XL: |  1  2  3  4  5  6  7  8  9 10 |
---------------+-------------------------------+-----
Polearms       | 3 4 5 6 7 9 11 12 | 12.0
Armour         | 3 4 |  4.3
Dodging        | 3 4 |  4.0
Fighting       | 4 5 |  5.3

Action                   |  1- 3 |  4- 6 |  7- 9 | 10-12 || total
-------------------------+-------+-------+-------+-------++-------
Melee: Spear             |   119 |       |   405 |    62 ||   586
       Kick              |    14 |    33 |    37 |       ||    84
       Whip              |     9 |   133 |    52 |       ||   194
  Use: Potion            |       |     2 |     1 |       ||     3
       Scroll            |       |     1 |     8 |       ||     9
 Stab: Distracted        |     1 |       |     2 |     1 ||     4
       Sleeping          |     2 |       |       |       ||     2
       Petrified         |       |       |     3 |    12 ||    15
       Confused          |       |       |     1 |       ||     1
       Petrifying        |       |       |       |     1 ||     1
Armor: Leather armour    |    26 |    45 |    79 |    10 ||   160
       Skin              |       |    24 |       |       ||    24
Dodge: Dodged            |    33 |    82 |   128 |     8 ||   251

Table legend: (Time is in decaauts)
 A = Elapsed time spent in this place.
 B = Non-inter-level travel time spent in this place.
 C = Inter-level travel time spent in this place.
 D = Time resting spent in this place.
 E = Time spent auto-exploring this place.
 F = Levels seen in this place.
 G = Mean time per level.
                   A        B        C        D        E       F      G
               +--------+--------+--------+--------+--------+-----+--------+
         Total |   9880 |   9544 |    336 |    613 |   7484 |   8 | 1235.0 |
       Dungeon |   9880 |   9544 |    336 |    613 |   7484 |   8 | 1235.0 |
               +--------+--------+--------+--------+--------+-----+--------+

Top non-repeatable levels by time:
     D:5: 2014 daAuts
     D:4: 1388 daAuts
     D:3: 1286 daAuts
     D:6: 1232 daAuts
     D:7: 1073 daAuts
     D:2: 1058 daAuts
     D:8: 967 daAuts
     D:1: 859 daAuts
